PAA
ITHACA FIGHTING IMPS @ NORTHVILLE ECLIPSE
05/12/2042
 
TOP OF THE 1ST
Ithaca Fighting Imps batting - Pitching for Northville Eclipse : RHP Jason Breary
Pitching: RHP Jason Breary
Batting: RHB Daryl Pethick 0-0: Ball
1-0: Foul Ball, location: 2F
1-1: Foul Ball, location: 2F
1-2: Ball
2-2: Strikes out swinging
Batting: LHB Pedro Gonzáles 0-0: Called Strike
0-1: Called Strike
0-2: Strikes out swinging, 2-3 out at first.
Batting: RHB Aloysius Szymanski 0-0: Ball
1-0: Fly out, F8 (Flyball, 8RXD, EV 101.9 MPH)
Top of the 1st over - 0 runs, 0 hits, 0 errors, 0 left on base; Ithaca 0 - Northville 0
BOTTOM OF THE 1ST
Northville Eclipse batting - Pitching for Ithaca Fighting Imps : RHP John Fleming
Pitching: RHP John Fleming
Batting: LHB John Kersey 0-0: Called Strike
0-1: Ball
1-1: Swinging Strike
1-2: Ball
2-2: SINGLE (Flyball, 7S, EV 90.0 MPH)
Batting: RHB Daniel Marley 0-0: Called Strike
0-1: Foul Ball, location: 2F
0-2: Ball
1-2: Fly out, F3 (Popup, 23F, EV 76.2 MPH)
Batting: LHB Rafael Martínez 0-0: Ball
1-0: Foul Ball, location: 2F
1-1: Ball
2-1: Ball
3-1: SINGLE (Groundball, 34D, EV 105.0 MPH)
John Kersey to second
Runner from 2nd tries for 3rd, SAFE, no throw by RF
Batting: SHB Shing Li 0-0: Ball
1-0: Ball
2-0: Fly out, F6 (Popup, 6, EV 57.5 MPH)
Batting: RHB Rafael Manawis 0-0: Ball
1-0: Ball
2-0: Foul Ball, location: 2F
2-1: Ground out 3-1 (Groundball, 34, EV 95.0 MPH)
Bottom of the 1st over - 0 runs, 2 hits, 0 errors, 2 left on base; Ithaca 0 - Northville 0
TOP OF THE 2ND
Ithaca Fighting Imps batting - Pitching for Northville Eclipse : RHP Jason Breary
Batting: SHB Paul Wood 0-0: Ball
1-0: Ball
2-0: Foul Ball, location: 2F
2-1: Foul Ball, location: 2F
2-2: Ball
3-2: SINGLE (Groundball, 4D, EV 103.1 MPH)
Batting: LHB Robbie Care 0-0: Called Strike
0-1: Ball
1-1: Ball
Paul Wood is caught stealing 2nd base 2-6
2-1: DOUBLE (Groundball, 3L, EV 101.2 MPH)
Batting: LHB Jimmy Wilcox 0-0: Called Strike
0-1: Ball
1-1: Ball
2-1: Ball
3-1: Fly out, F7 (Flyball, 7, EV 90.6 MPH)
Batting: RHB J.J. Holmes 0-0: Called Strike
0-1: Called Strike
0-2: Ball
1-2: Strikes out swinging
Top of the 2nd over - 0 runs, 2 hits, 0 errors, 1 left on base; Ithaca 0 - Northville 0
BOTTOM OF THE 2ND
Northville Eclipse batting - Pitching for Ithaca Fighting Imps : RHP John Fleming
Batting: RHB Jesús Mancebo 0-0: Called Strike
0-1: Called Strike
0-2: Strikes out looking
Batting: RHB Daron Mack 0-0: Ball
1-0: Foul Ball, location: 2F
1-1: Ball
2-1: Called Strike
2-2: Hit by Pitch
Batting: RHB Junji Ito 0-0: Foul Ball, location: 2F
0-1: Ball
1-1: Foul Ball, location: 2F
1-2: Ball
2-2: SINGLE (Groundball, 56D, EV 110.6 MPH)
Daron Mack to second
Batting: RHB Bastien Oudin 0-0: Called Strike
0-1: Foul Ball, location: 2F
0-2: Ball
1-2: Foul Ball, location: 2F
1-2: Ball
2-2: Strikes out looking
Batting: LHB John Kersey 0-0: Called Strike
0-1: Ball
1-1: Swinging Strike
1-2: Ball
2-2: Fielders Choice at 2nd, 6-4 (Groundball, 6, EV 105.6 MPH)
Bottom of the 2nd over - 0 runs, 1 hit, 0 errors, 2 left on base; Ithaca 0 - Northville 0
TOP OF THE 3RD
Ithaca Fighting Imps batting - Pitching for Northville Eclipse : RHP Jason Breary
Batting: RHB Everett Garland 0-0: Ball
1-0: Foul Ball, location: 2F
1-1: Ball
2-1: Ball
3-1: Base on Balls
Batting: RHB Pedro Costa 0-0: SINGLE (Line Drive, 6D, EV 98.1 MPH)
Everett Garland to second
Batting: RHB Daryl Pethick 0-0: Swinging Strike
0-1: Called Strike
0-2: Ball
1-2: Ball
2-2: Strikes out swinging
Batting: LHB Pedro Gonzáles 0-0: Ball
1-0: Called Strike
1-1: DOUBLE (Line Drive, 7LM, EV 110.0 MPH)
Everett Garland scores
Pedro Costa to third
Batting: RHB Aloysius Szymanski 0-0: Foul Ball, location: 2F
0-1: Ball
1-1: DOUBLE (Flyball, 78D, EV 98.1 MPH)
Pedro Costa scores
Pedro Gonzáles scores
Batting: SHB Paul Wood 0-0: Ball
1-0: Ball
2-0: Called Strike
2-1: Called Strike
2-2: Ball
3-2: Strikes out swinging
Batting: LHB Robbie Care 0-0: Ball
1-0: Ground out U3 (Groundball, 34, EV 88.1 MPH)
Top of the 3rd over - 3 runs, 3 hits, 0 errors, 1 left on base; Ithaca 3 - Northville 0
BOTTOM OF THE 3RD
Northville Eclipse batting - Pitching for Ithaca Fighting Imps : RHP John Fleming
Batting: RHB Daniel Marley 0-0: Called Strike
0-1: Swinging Strike
0-2: Ball
1-2: Fly out, F8 (Line Drive, 8RD, EV 87.5 MPH)
Batting: LHB Rafael Martínez 0-0: Called Strike
0-1: Ball
1-1: Called Strike
1-2: Strikes out swinging
Batting: SHB Shing Li 0-0: Ball
1-0: Ball
2-0: Ball
3-0: Base on Balls
Batting: RHB Rafael Manawis 0-0: Ball
1-0: Ball
2-0: Called Strike
2-1: Swinging Strike
2-2: Fielders Choice at 2nd, 6-4 (Groundball, 6, EV 84.4 MPH)
Bottom of the 3rd over - 0 runs, 0 hits, 0 errors, 1 left on base; Ithaca 3 - Northville 0
TOP OF THE 4TH
Ithaca Fighting Imps batting - Pitching for Northville Eclipse : RHP Jason Breary
Batting: LHB Jimmy Wilcox 0-0: Called Strike
0-1: Fly out, F8 (Flyball, 89D, EV 81.2 MPH)
Batting: RHB J.J. Holmes 0-0: Ball
1-0: Called Strike
1-1: Hit by Pitch
Batting: RHB Everett Garland 0-0: Fielders Choice at 2nd, 5-4 (Groundball, 5, EV 80.6 MPH)
Batting: RHB Pedro Costa 0-0: Ball
Everett Garland steals 2nd base
1-0: Called Strike
1-1: Called Strike
1-2: Ball
2-2: Strikes out looking
Top of the 4th over - 0 runs, 0 hits, 0 errors, 1 left on base; Ithaca 3 - Northville 0
BOTTOM OF THE 4TH
Northville Eclipse batting - Pitching for Ithaca Fighting Imps : RHP John Fleming
Batting: RHB Jesús Mancebo 0-0: Ball
1-0: Foul Ball, location: 2F
1-1: Swinging Strike
1-2: Strikes out looking
Batting: RHB Daron Mack 0-0: Ball
1-0: Ball
2-0: SINGLE (Groundball, 3S, EV 85.6 MPH) (infield hit)
Batting: RHB Junji Ito 0-0: Swinging Strike
0-1: Ball
1-1: Ball
2-1: Foul Ball, location: 2F
2-2: Ball
3-2: DOUBLE (Groundball, 3L, EV 101.2 MPH)
Daron Mack to third
Batting: RHB Bastien Oudin 0-0: Ball
1-0: Fly out, F8 (Line Drive, 8RD, EV 105.0 MPH)
Runner from 3rd tags up, SCORES, throw by CF
Junji Ito to third
Batting: LHB John Kersey 0-0: Foul Ball, location: 2F
0-1: Called Strike
0-2: Fly out, F8 (Flyball, 8RD, EV 105.6 MPH)
Bottom of the 4th over - 1 run, 2 hits, 0 errors, 1 left on base; Ithaca 3 - Northville 1
TOP OF THE 5TH
Ithaca Fighting Imps batting - Pitching for Northville Eclipse : RHP Jason Breary
Batting: RHB Daryl Pethick 0-0: Ball
1-0: Swinging Strike
1-1: Called Strike
1-2: Foul Ball, location: 2F
1-2: Foul Ball, location: 2F
1-2: Strikes out swinging
Batting: LHB Pedro Gonzáles 0-0: Called Strike
0-1: Called Strike
0-2: Strikes out looking
Batting: RHB Aloysius Szymanski 0-0: Ground out U3 (Groundball, 34, EV 87.5 MPH)
Top of the 5th over - 0 runs, 0 hits, 0 errors, 0 left on base; Ithaca 3 - Northville 1
BOTTOM OF THE 5TH
Northville Eclipse batting - Pitching for Ithaca Fighting Imps : RHP John Fleming
Batting: RHB Daniel Marley 0-0: Ball
1-0: Foul Ball, location: 2F
1-1: Ball
2-1: Ground out 3-1 (Groundball, 34, EV 86.9 MPH)
Batting: LHB Rafael Martínez 0-0: Ball
1-0: Foul Ball, location: 2F
1-1: Called Strike
1-2: Ball
2-2: Foul Ball, location: 2F
2-2: Ball
3-2: Strikes out swinging
Batting: SHB Shing Li 0-0: Ball
1-0: Ball
2-0: Foul Ball, location: 2F
2-1: Foul Ball, location: 2F
2-2: Foul Ball, location: 2F
2-2: Ball
3-2: Ground out 4-3 (Groundball, 4, EV 107.5 MPH)
Bottom of the 5th over - 0 runs, 0 hits, 0 errors, 0 left on base; Ithaca 3 - Northville 1
TOP OF THE 6TH
Ithaca Fighting Imps batting - Pitching for Northville Eclipse : RHP Jason Breary
Batting: SHB Paul Wood 0-0: Ball
1-0: Called Strike
1-1: Foul Ball, location: 2F
1-2: Strikes out swinging
Batting: LHB Robbie Care 0-0: Called Strike
0-1: Ball
1-1: Foul Ball, location: 2F
1-2: SINGLE (Groundball, 6D, EV 96.2 MPH)
Batting: LHB Jimmy Wilcox 0-0: Called Strike
0-1: Grounds out, U3 (Groundball, 3L, EV 83.8 MPH)
Batting: RHB J.J. Holmes 0-0: Ball
1-0: Ground out 6-3 (Groundball, 6, EV 94.4 MPH)
Top of the 6th over - 0 runs, 1 hit, 0 errors, 1 left on base; Ithaca 3 - Northville 1
BOTTOM OF THE 6TH
Northville Eclipse batting - Pitching for Ithaca Fighting Imps : RHP John Fleming
Pitching: RHP Don Murray
Batting: RHB Rafael Manawis 0-0: Called Strike
0-1: Swinging Strike
0-2: Ground out 5-3 (Groundball, 56, EV 79.4 MPH)
Batting: RHB Jesús Mancebo 0-0: Called Strike
0-1: Ball
1-1: Ball
2-1: Called Strike
2-2: Foul Ball, location: 2F
2-2: Strikes out swinging
Batting: RHB Daron Mack 0-0: Ball
1-0: Called Strike
1-1: Ball
2-1: Foul Ball, location: 2F
2-2: Foul Ball, location: 2F
2-2: Fly out, F2 (Popup, 2RF, EV 90.0 MPH)
Bottom of the 6th over - 0 runs, 0 hits, 0 errors, 0 left on base; Ithaca 3 - Northville 1
TOP OF THE 7TH
Ithaca Fighting Imps batting - Pitching for Northville Eclipse : RHP Jason Breary
Batting: RHB Everett Garland 0-0: Ball
1-0: Called Strike
1-1: Ball
2-1: SINGLE (Line Drive, 3D, EV 102.5 MPH)
Batting: RHB Pedro Costa 0-0: Bunted foul
0-1: Sac Bunt to 15 - play at first, batter OUT! 1-4
Everett Garland to second
Batting: RHB Daryl Pethick 0-0: SINGLE (Groundball, 56D, EV 103.1 MPH)
Everett Garland to third
Runner from 3rd tries for Home, SAFE, no throw by LF
Pitching: LHP Vasile Alexandrescu
Batting: LHB Pedro Gonzáles 0-0: Called Strike
Daryl Pethick steals 2nd base
0-1: Swinging Strike
0-2: Strikes out swinging
Batting: RHB Aloysius Szymanski 0-0: Foul Ball, location: 2F
0-1: Ball
1-1: Foul Ball, location: 2F
1-2: Foul Ball, location: 2F
1-2: Ball
2-2: Strikes out looking
Top of the 7th over - 1 run, 2 hits, 0 errors, 1 left on base; Ithaca 4 - Northville 1
BOTTOM OF THE 7TH
Northville Eclipse batting - Pitching for Ithaca Fighting Imps : RHP Don Murray
Batting: RHB Junji Ito 0-0: Ball
1-0: Ball
2-0: Ball
3-0: Called Strike
3-1: Fly out, F8 (Flyball, 8LM, EV 93.1 MPH)
Batting: RHB Bastien Oudin 0-0: Ball
1-0: Swinging Strike
1-1: Fly out, F8 (Flyball, 8LD, EV 92.5 MPH)
Batting: LHB John Kersey 0-0: Ball
1-0: Foul Ball, location: 2F
1-1: Ball
2-1: Ground out 5-3 (Groundball, 5S, EV 85.6 MPH)
Bottom of the 7th over - 0 runs, 0 hits, 0 errors, 0 left on base; Ithaca 4 - Northville 1
TOP OF THE 8TH
Ithaca Fighting Imps batting - Pitching for Northville Eclipse : LHP Vasile Alexandrescu
Batting: SHB Paul Wood 0-0: Ball
1-0: Ball
2-0: Foul Ball, location: 2F
2-1: Ground out 5-3 (Groundball, 5, EV 96.9 MPH)
Batting: LHB Robbie Care 0-0: Foul Ball, location: 2F
0-1: Swinging Strike
0-2: Strikes out looking
Batting: LHB Jimmy Wilcox 0-0: Foul Ball, location: 2F
0-1: Swinging Strike
0-2: Ball
1-2: Ground out U3 (Groundball, 3S, EV 93.1 MPH)
Top of the 8th over - 0 runs, 0 hits, 0 errors, 0 left on base; Ithaca 4 - Northville 1
BOTTOM OF THE 8TH
Northville Eclipse batting - Pitching for Ithaca Fighting Imps : RHP Don Murray
Batting: RHB Daniel Marley 0-0: Called Strike
0-1: Foul Ball, location: 2F
0-2: Ground out 5-3 (Groundball, 5S, EV 86.9 MPH)
Batting: LHB Rafael Martínez 0-0: Foul Ball, location: 2F
0-1: Ball
1-1: Foul Ball, location: 2F
1-2: Ball
2-2: Foul Ball, location: 2F
2-2: SINGLE (Groundball, 34D, EV 98.8 MPH)
Pitching: RHP António Rodríguez
Batting: SHB Shing Li 0-0: Ball
1-0: Swinging Strike
1-1: Foul Ball, location: 2F
1-2: Ball
2-2: Foul Ball, location: 2F
2-2: Foul Ball, location: 2F
2-2: Ball
3-2: Base on Balls
Rafael Martínez to second
Batting: RHB Rafael Manawis 0-0: Swinging Strike
0-1: Ball
1-1: Foul Ball, location: 2F
1-2: Ball
2-2: Foul Ball, location: 2F
2-2: Strikes out swinging
Batting: RHB Jesús Mancebo 0-0: Called Strike
0-1: Called Strike
0-2: Foul Ball, location: 2F
0-2: Strikes out swinging
Bottom of the 8th over - 0 runs, 1 hit, 0 errors, 2 left on base; Ithaca 4 - Northville 1
TOP OF THE 9TH
Ithaca Fighting Imps batting - Pitching for Northville Eclipse : LHP Vasile Alexandrescu
Batting: RHB J.J. Holmes 0-0: Ball
1-0: Ball
2-0: Ball
3-0: Base on Balls
Batting: RHB Everett Garland 0-0: Bunt missed!
0-1: Sac Bunt to 23 - play at first, batter OUT! 3-4
J.J. Holmes to second
Batting: RHB Pedro Costa 0-0: Ball
1-0: Ball
2-0: Foul Ball, location: 2F
2-1: Ball
3-1: Called Strike
3-2: Strikes out swinging
Batting: RHB Daryl Pethick 0-0: Ball
1-0: Ball
2-0: Called Strike
2-1: Foul Ball, location: 2F
2-2: Foul Ball, location: 2F
2-2: Strikes out looking
Top of the 9th over - 0 runs, 0 hits, 0 errors, 1 left on base; Ithaca 4 - Northville 1
BOTTOM OF THE 9TH
Northville Eclipse batting - Pitching for Ithaca Fighting Imps : RHP António Rodríguez
Batting: RHB Daron Mack 0-0: Called Strike
0-1: Foul Ball, location: 2F
0-2: Foul Ball, location: 2F
0-2: Foul Ball, location: 2F
0-2: Ball
1-2: Strikes out looking
Batting: RHB Junji Ito 0-0: Ball
1-0: Ball
2-0: Called Strike
2-1: Ball
3-1: Called Strike
3-2: Strikes out looking
Batting: RHB Bastien Oudin 0-0: Foul Ball, location: 2F
0-1: Ball
1-1: Ball
2-1: Ground out U3 (Groundball, 3L, EV 90.0 MPH)
Bottom of the 9th over - 0 runs, 0 hits, 0 errors, 0 left on base; Ithaca 4 - Northville 1
Friday, March 26th, 2021 - OOTP Baseball 20.8 Build 74